 Dungeon Crawl Stone Soup version 0.24.1-1-gd1d2a07e1b (webtiles) character file.

Game seed: 13648483482575661557, levelgen mode: deterministic

4844 BadBadger the Cleaver (level 10, -13/79 HPs)
             Began as a Demonspawn Abyssal Knight on Apr 7, 2020.
             Was a High Priest of Lugonu.
             Killed from afar by a deep elf knight (15 damage)
             ... with a stone arrow
             ... on level 8 of the Dungeon.
             The game lasted 00:36:54 (7749 turns).

BadBadger the Cleaver (Demonspawn Abyssal Knight)   Turns: 7749, Time: 00:37:00

Health: -13/79     AC: 13    Str: 16    XL:     10   Next: 25%
Magic:  0/17       EV:  7    Int: 12    God:    Lugonu [*****.]
Gold:   390        SH:  0    Dex: 12    Spells: 9/9 levels left

rFire    x . .     SeeInvis +   e - +2 war axe
rCold    + . .     Gourm    .   (no shield)
rNeg     + . .     Faith    .   d - +1 chain mail
rPois    .         Spirit   +   (helmet restricted)
rElec    .         Reflect  .   n - +1 cloak
rCorr    .         Harm     .   (no gloves)
MR       .....                  (no boots)
Stlth    ..........             m - amulet of regeneration
HPRegen  0.63/turn              t - ring of positive energy
MPRegen  0.15/turn              r - ring of ice

@: very slightly contaminated, invisible (expiring)
A: claws 2, horns 2, see invisible, dopey 1, sense surroundings 1, robust 1,
magic shield
a: Depart the Abyss, Bend Space, Banish, Corrupt, Enter the Abyss, Renounce
Religion


You were on level 8 of the Dungeon.
You worshipped Lugonu.
Lugonu was extremely pleased with you.
You were hungry.

You visited 1 branch of the dungeon, and saw 8 of its levels.
You visited the Abyss 1 time.
You also visited: Sewer and Ossuary.

You collected 390 gold pieces.

Inventory:

Hand Weapons
 a - a +2 hand axe
 e - a +2 war axe (weapon)
 C - a +3 scimitar of flaming
Missiles
 g - a poisoned dart (quivered)
 h - 103 arrows
Armour
 b - a +0 leather armour
 d - a +1 chain mail (worn)
 n - a +1 cloak (worn)
 s - a +1 leather armour of fire resistance
 u - a +0 plate armour
Jewellery
 l - an uncursed ring of see invisible
 m - an amulet of regeneration (around neck)
 r - a ring of ice (right claw)
 t - a ring of positive energy (left claw)
Wands
 p - a wand of digging (6)
Scrolls
 i - 3 scrolls of remove curse
 o - 2 scrolls of fog
 q - 7 scrolls of teleportation
 w - a scroll of fear
 y - a scroll of amnesia
 B - 2 scrolls of identify
Potions
 f - a potion of magic
 j - 2 potions of flight
 k - 4 potions of brilliance
 x - 3 potions of resistance
 A - a potion of invisibility
Comestibles
 c - 9 rations


   Skills:
 - Level 4.3 Fighting
 + Level 10.6 Axes
 + Level 5.7 Armour
 - Level 1.6 Dodging
 - Level 0.2 Stealth
 - Level 9.6 Invocations


You had 9 spell levels left.
You didn't know any spells.
Your spell library was empty.

Dungeon Overview and Level Annotations

Branches:
Dungeon (8/15)             Temple (0/1) D:4           Sewer (visited)
Ossuary (visited)
   Lair: D:8-11

Altars:
Cheibriados
Dithmenos
Elyvilon
Gozag
Hepliaklqana
Makhleb
Nemelex Xobeh
Qazlal
Ru
Sif Muna
Xom
Yredelemnul
Zin
The Shining One

Annotations:
D:8 1 transporter


Innate Abilities, Weirdness & Mutations

You have very sharp fingernails.
You have a pair of horns on your head.
When hurt, damage is shared between your health and your magic reserves.
You have supernaturally acute eyesight. (SInv)
You are dopey. (Int -2)
You passively map a small area around you.
You are robust. (+10% HP)


Message History

The deep elf knight hits you with a +0 long sword!
* * * LOW HITPOINT WARNING * * *
Magic courses through your body.
The deep elf knight hits you with a +0 long sword.
* * * LOW HITPOINT WARNING * * *
You catch the helpless deep elf knight completely off-guard!
You slash the deep elf knight!
Your headbutt misses the deep elf knight.
The deep elf knight is almost dead.
The deep elf knight hits you with a +0 long sword!
* * * LOW HITPOINT WARNING * * *
The manticore flicks its tail.
You feel better.
The deep elf knight points at you and mumbles some strange words.
The orb of energy hits you!!
* * * LOW HITPOINT WARNING * * *
The orb of energy explodes!
The deep elf knight points at you and mumbles some strange words.
The stone arrow hits you!
You die...

.......+.........#.# , #.....#..
.###...##.....####.# .........)
............©......#, .........#.
.#####..#########..##............
.# #.##8._._.8##.........>##.#.
.# #.#.....[...#.#.##.###. #.#.
.# #.#.........#.# # , # #.#. .#
#.#.........#.#, * #.#. ##
#.#......He@#(# * #.#. .#
#.#.........#.# #.#.
.#####.#....©....#.# #...
.......#....)....#.####### *
.#####.##8.....8##........
........#########..#######
#######.....©.....## *
###.....##### , #.#..###### *


You could see a manticore and a deep elf knight.

Vanquished Creatures
  Erica (D:8)
  Pikel (D:7)
  Prince Ribbit (D:7)
  A hippogriff (D:8)
  Sigmund (D:2)
  Grum (D:8)
  Menkaure (D:4)
  3 ice beasts
  4 slaves (D:7)
  An orc warrior (D:7)
  A phantom (D:4)
  3 ogres
  4 wolves (D:8)
  2 centaurs
  A big kobold (Sewer)
  Blork the orc (D:4)
  2 bullfrogs
  4 scorpions
  A crimson imp (D:7)
  4 jellies
  3 orc priests
  2 hounds (D:8)
  3 orc wizards
  An iguana (D:5)
  5 worker ants
  A big kobold zombie (Ossuary)
  A hound zombie (D:8)
  A hound skeleton (D:5)
  2 mummies (Ossuary)
  A worker ant zombie (D:8)
  9 gnolls
  A howler monkey skeleton (D:4)
  2 river rats
  6 adders
  2 oozes
  10 adder zombies
  2 dart slugs (D:2)
  4 leopard geckos
  15 orcs
  9 giant cockroaches
  A gnoll zombie (Ossuary)
  7 goblins
  9 hobgoblins
  6 jackals
  15 kobolds
  2 quokkas (D:2)
  5 ball pythons
  14 bats
  3 frilled lizards
  3 hobgoblin zombies (Ossuary)
  A jackal skeleton (D:5)
  6 kobold zombies (Ossuary)
  2 leopard gecko skeletons (D:7)
  3 orc zombies (Ossuary)
  A quokka zombie (D:5)
  22 rats
218 creatures vanquished.

Vanquished Creatures (others)
  Psyche (D:8)
  An ogre (D:6)
  An orc priest (D:6)
  An orc wizard (D:8)
4 creatures vanquished.

Grand Total: 222 creatures vanquished

Notes
Turn   | Place    | Note
-------+----------+-------------------------------------------
     0 | Abyss:1  | BadBadger the Demonspawn Abyssal Knight began the quest for
                  | the Orb.
     0 | Abyss:1  | Reached XP level 1. HP: 18/18 MP: 2/2
    19 | Abyss:1  | Noticed a hellwing
    39 | Abyss:1  | Noticed a large abomination
    54 | Abyss:1  | Noticed a neqoxec
    56 | Abyss:1  | Noticed an iron imp
    56 | Abyss:1  | Gained mutation: Your magical capacity is low. (-10% MP) [a
                  | neqoxec]
    62 | D:1      | Escaped the Abyss
   130 | D:1      | Reached * piety under Lugonu
   172 | D:1      | Gained mutation: You have sharp fingernails. [demonic
                  | ancestry]
   172 | D:1      | Reached XP level 2. HP: 22/24 MP: 3/3
   178 | D:1      | Reached skill level 2 in Axes
   216 | D:1      | Reached skill level 1 in Dodging
   230 | D:1      | Gained mutation: You have a pair of small horns on your
                  | head. [demonic ancestry]
   230 | D:1      | Reached XP level 3. HP: 12/30 MP: 4/4
  1122 | D:2      | Reached ** piety under Lugonu
  1332 | D:2      | Noticed Sigmund
  1354 | D:2      | Killed Sigmund
  1354 | D:2      | Reached skill level 3 in Axes
  1354 | D:2      | Gained mutation: When hurt, damage is shared between your
                  | health and your magic reserves. [demonic ancestry]
  1354 | D:2      | Reached XP level 4. HP: 16/37 MP: 5/5
  1354 | D:2      | Reached XP level 5. HP: 18/42 MP: 6/6
  1585 | D:2      | Found a basalt altar of Yredelemnul.
  1666 | D:2      | Found a glowing golden altar of the Shining One.
  1978 | D:2      | Reached skill level 4 in Axes
  1978 | D:2      | Reached XP level 6. HP: 48/48 MP: 7/7
  2386 | D:3      | Reached *** piety under Lugonu
  2514 | D:3      | Found a shadowy altar of Dithmenos.
  2593 | D:3      | Noticed an ice beast
  2625 | D:3      | Killed an ice beast
  2625 | D:3      | Reached skill level 5 in Axes
  2932 | D:4      | Found a burning altar of Makhleb.
  3016 | D:4      | Reached XP level 7. HP: 33/54 MP: 6/8
  3099 | D:4      | Found a sacrificial altar of Ru.
  3147 | D:4      | Found a glowing drain.
  3156 | Sewer    | Entered a sewer
  3232 | Sewer    | Reached skill level 6 in Axes
  3256 | Sewer    | Found a white marble altar of Elyvilon.
  3270 | Sewer    | Lost mutation: Your magical capacity is low. (-10% MP)
                  | [potion of mutation]
  3270 | Sewer    | Gained mutation: You have supernaturally acute eyesight.
                  | (SInv) [potion of mutation]
  3270 | Sewer    | Gained mutation: You are dopey. (Int -2) [potion of
                  | mutation]
  3270 | Sewer    | Gained mutation: Your spells are a little harder to cast,
                  | but a little more powerful. [potion of mutation]
  3473 | D:4      | Found a sand-covered staircase.
  3478 | Ossuary  | Entered an ossuary
  3484 | Ossuary  | Reached **** piety under Lugonu
  3641 | Ossuary  | Lost mutation: Your spells are a little harder to cast, but
                  | a little more powerful. [potion of mutation]
  3641 | Ossuary  | Gained mutation: You are robust. (+10% HP) [potion of
                  | mutation]
  3641 | Ossuary  | Gained mutation: You passively map a small area around you.
                  | [potion of mutation]
  3677 | D:4      | Found a staircase to the Ecumenical Temple.
  3687 | D:4      | Noticed Blork the orc
  3700 | D:4      | Killed Blork the orc
  4096 | D:4      | Noticed Menkaure
  4106 | D:4      | Killed Menkaure
  4106 | D:4      | Reached skill level 7 in Axes
  4363 | D:5      | Entered Level 5 of the Dungeon
  4370 | D:5      | Reached XP level 8. HP: 56/66 MP: 8/11
  4449 | D:5      | Reached skill level 5 in Invocations
  5104 | D:6      | Reached skill level 8 in Axes
  5596 | D:6      | Found a white marble altar of Elyvilon.
  5686 | D:6      | You fall into a shaft and drop 1 floor!
  5696 | D:7      | Found a sparkling altar of Nemelex Xobeh.
  5772 | D:7      | Noticed Pikel
  5907 | D:7      | Killed Pikel
  5907 | D:7      | Reached skill level 9 in Axes
  5907 | D:7      | Gained mutation: You have a pair of horns on your head.
                  | [demonic ancestry]
  5907 | D:7      | Reached XP level 9. HP: 21/71 MP: 11/15
  6110 | D:7      | Noticed Prince Ribbit
  6121 | D:7      | Killed Prince Ribbit
  6482 | D:7      | Found an opulent altar of Gozag.
  6508 | D:7      | Reached ***** piety under Lugonu
  6872 | D:8      | Noticed Grum
  6908 | D:8      | Killed Grum
  6914 | D:8      | Reached skill level 10 in Axes
  7166 | D:8      | Noticed Psyche
  7169 | D:8      | Noticed Erica
  7216 | D:8      | Killed Erica
  7216 | D:8      | Reached skill level 5 in Armour
  7216 | D:8      | Gained mutation: You have very sharp fingernails. [demonic
                  | ancestry]
  7216 | D:8      | Reached XP level 10. HP: 36/79 MP: 1/17
  7230 | D:8      | Killed Psyche
  7391 | D:8      | Found a shimmering blue altar of Sif Muna.
  7394 | D:8      | Found a shimmering altar of Xom.
  7408 | D:8      | Found a hazy altar of Hepliaklqana.
  7411 | D:8      | Found a glowing silver altar of Zin.
  7605 | D:8      | Found a stormy altar of Qazlal.
  7605 | D:8      | Found a snail-covered altar of Cheibriados.
  7609 | D:8      | Found a transporter.
  7610 | D:8      | Noticed a deep elf knight
  7667 | D:8      | Found a transporter.
  7684 | D:8      | Noticed a manticore
  7749 | D:8      | HP: 2/79 [deep elf knight/orb of energy (22)]
  7749 | D:8      | Killed from afar by a deep elf knight

Levels and vault maps discovered:
D:1:      psy_arrival_fountain, layout_loops_ring, st_stairs_6,
          serial_bayou_pond_c, minivault_19, minmay_misc_feat_nine_boxes
D:2:      layout_basic, overflow_temple_1_default, tso_oasis_becter,
          uniq_sigmund
D:3:      layout_loops_ring, nicolae_dithmenos_shadow_blocks
D:4:      layout_basic, nicolae_overflow_crystal_walls,
          minmay_temple_entry_butterflies, enter_ossuary_5, first_ration,
          portal_sewer_entry_e, hangedman_ru_absence, uniq_menkaure,
          uniq_blork_the_orc
D:5:      layout_loops_ring
D:6:      layout_basic, lemuel_coloured_pillars_altar
D:7:      layout_cave_pools, nicolae_overflow_hidden_temple,
          lemuel_doored_altar, serial_glass, glass_columns_b, glass_columns_b,
          uniq_pikel, uniq_prince_ribbit1
D:8:      layout_basic, grunt_temple_overflow_cloverleaf,
          gammafunk_temple_overflow_arena, uniq_erica, uniq_grum, uniq_psyche

Skill      XL: |  1  2  3  4  5  6  7  8  9 |
---------------+----------------------------+-----
Axes           | 2 3 4 5 7 9 10 | 10.6
Dodging        | 1 |  1.6
Armour         | 2 5 |  5.7
Fighting       | 4 |  4.3
Invocations    | 4 8 9 |  9.6
Stealth        | |  0.2

Action                   |  1- 3 |  4- 6 |  7- 9 | 10-12 || total
-------------------------+-------+-------+-------+-------++-------
Melee: Hand axe          |   123 |   194 |   156 |       ||   473
       Headbutt          |    10 |    25 |    76 |     2 ||   113
       War axe           |       |       |   301 |    22 ||   323
       Unarmed           |       |       |     3 |       ||     3
Throw: Dart              |       |     3 |     3 |       ||     6
Invok: Depart the Abyss  |     1 |       |       |       ||     1
       Bend Space        |       |     1 |     2 |       ||     3
       Banish            |       |       |     2 |       ||     2
  Use: Scroll            |     5 |    10 |    16 |       ||    31
       Potion            |     2 |       |    15 |     4 ||    21
 Stab: Invisible         |       |       |       |     3 ||     3
  Eat: Chunk             |     1 |     6 |     8 |     1 ||    16
       Ration            |       |       |     2 |       ||     2
Armor: Leather armour    |    14 |       |       |       ||    14
       Chain mail        |    45 |   151 |   282 |    14 ||   492
       Skin              |       |       |     1 |       ||     1
Dodge: Dodged            |    49 |    66 |   193 |     5 ||   313
